 Dungeon Crawl Stone Soup version 0.18.1-47-g9310371 (webtiles) character file.

195890 Quirk the Bludgeoner (level 18, -1/159 HPs)
             Began as a Minotaur Fighter on June 16, 2016.
             Was the Champion of Okawaru.
             Shot with an arrow by a naga sharpshooter (16 damage)
             ... on level 4 of the Snake Pit.
             The game lasted 01:41:44 (31720 turns).

Quirk the Bludgeoner (Minotaur Fighter)            Turns: 31720, Time: 01:41:45

Health: -1/159     AC: 30    Str: 33    XL:     18   Next: 14%
Magic:  17/24      EV: 15    Int: 13    God:    Okawaru [******]
Gold:   2728       SH:  0    Dex: 12    Spells: 4 memorised, 19 levels left

rFire  + . .     SeeInvis .     b - +8 battleaxe of Res Nullius {chop, rF+}
rCold  . . .     Gourm    .     J - +9 chain mail of the Five Realms {rN+ Int+8}
rNeg   + . .     Faith    .     (shield currently unavailable)
rPois  .         Spirit   .     (helmet restricted)
rElec  .         Dismiss  .     P - +2 cloak
rCorr  .         Reflect  .     I - +0 pair of gloves {Str+3}
SustAt .         Harm     .     A - +2 pair of boots {Fly}
MR     +....                    (no amulet)
Stlth  ..........               o - +5 ring of slaying
                                n - +3 ring of strength

@: lethally poisoned (-1 -> -2), about to teleport, flying, slowed, very slow,
somewhat resistant to hostile enchantments, extremely unstealthy
A: retaliatory headbutt, horns 2
a: Heroism, Finesse, Renounce Religion, Stop Flying


You were on level 4 of the Snake Pit.
You worshipped Okawaru.
Okawaru was exalted by your worship.
You were not hungry.

You visited 5 branches of the dungeon, and saw 30 of its levels.
You also visited: Sewer and Ice Cave.

You collected 3082 gold pieces.
You spent 354 gold pieces at shops.

Inventory:

Hand Weapons
 b - the +8 battleaxe of Res Nullius (weapon) {chop, rF+}
   (You found it on level 3 of the Snake Pit)

   It inflicts extra damage upon your enemies.
   It protects you from fire.
 q - the +7 morningstar "Miselekh" {crush, rPois rF- rC- Dex+6}
   (You found it on level 4 of the Dungeon)

   It inflicts extra damage upon your enemies.
   It affects your dexterity (+6).
   It makes you vulnerable to fire.
   It makes you vulnerable to cold.
   It protects you from poison.
 u - a +1 vampiric demon whip
 y - the +10 dark maul {crush}
   (You found it on level 4 of the Dungeon)

   It inflicts extra damage upon your enemies.
 F - the +6 mace of War {venom, +Fly}
   (You found it on level 8 of the Dungeon)

   It poisons the flesh of those it strikes.
   It lets you fly.
 M - a +1 battleaxe of flaming
 O - the +5 great mace of Due Proportion {crush, Dex+4}
   (Okawaru gifted it to you on level 2 of the Snake Pit)

   It inflicts extra damage upon your enemies.
   It affects your dexterity (+4).
 Y - a +5 battleaxe of freezing
Missiles
 v - 4 throwing nets (quivered)
Armour
 A - a +2 pair of boots of flying (worn)
 G - the +1 scale mail "Itaghin" {rCorr SInv}
   (You found it on level 5 of the Dungeon)

   It lets you see invisible.
   It protects you from acid and corrosion.
 H - the +0 shield of Xeseudue {Int+3}
   (Okawaru gifted it to you on level 7 of the Lair of Beasts)

   It affects your intelligence (+3).
 I - a +0 pair of gloves of strength (worn)
 J - the +9 chain mail of the Five Realms (worn) {rN+ Int+8}
   (You took it off an orc on level 10 of the Dungeon)

   It affects your intelligence (+8).
   It protects you from negative energy.
 P - a +2 cloak (worn)
Rods
 e - a +0 lightning rod (11/11)
   (You found it on level 9 of the Dungeon)
Jewellery
 g - a +2 ring of dexterity
 l - an uncursed ring of protection from cold
 n - a +3 ring of strength (left hand)
 o - a +5 ring of slaying (right hand)
 w - an uncursed ring of fire
 z - an uncursed ring of protection from cold
Wands
 a - a wand of iceblast (0/15)
 c - a wand of lightning (6/15)
 t - a wand of enslavement (7/24)
 C - a wand of teleportation (4/9)
 N - a wand of confusion (31/48)
 V - a wand of heal wounds (4/9)
 Z - a wand of acid (6/15)
Scrolls
 j - 12 scrolls of remove curse
 k - 8 scrolls of teleportation
 D - 2 scrolls of fog
 Q - 2 scrolls of fear
 R - 3 scrolls of blinking
 S - 2 scrolls of enchant armour
 T - a scroll of summoning
 W - 4 scrolls of magic mapping
Potions
 d - 6 potions of might
 i - 5 potions of lignification
 m - 3 potions of heal wounds
 p - 3 potions of agility
 r - 4 potions of berserk rage
 s - 3 potions of ambrosia
 x - 2 potions of haste
 L - 6 potions of curing
 X - a potion of cancellation
Books
 B - a book of the Earth

   Spells                             Type                      Level
   a - Leda's Liquefaction            Hexes/Earth                  4
   b - Bolt of Magma                  Conjuration/Fire/Earth       5
   c - Statue Form                    Transmutation/Earth          6
   d - Iron Shot                      Conjuration/Earth            6
   e - Shatter                        Earth                        9
Miscellaneous
 h - a disc of storms
 U - a fan of gales
Comestibles
 f - 18 bread rations
 E - 15 meat rations
 K - 18 fruits


   Skills:
 + Level 13.8 Fighting
 + Level 13.5(17.1) Axes
 * Level 17.6(19.1) Maces & Flails
 + Level 13.6 Armour
 + Level 12.2 Dodging
 + Level 13.9 Shields
 + Level 3.4 Spellcasting
 - Level 8.6 Invocations
 + Level 10.1 Evocations


You had 19 spell levels left.
You knew the following spells:

 Your Spells              Type           Power        Failure   Level  Hunger
a - Sting                 Conj/Pois      #...         78%         1    #......
b - Summon Small Mammal   Summ           #...         78%         1    #......
c - Apportation           Tloc           #.........   78%         1    #......
d - Magic Dart            Conj           #...         78%         1    #......


Dungeon Overview and Level Annotations

Branches:
Dungeon (15/15)            Temple (1/1) D:6            Lair (8/8) D:11
  Swamp (0/4) Lair:6        Snake (4/4) Lair:5        Slime (0/6) Lair:6
    Orc (2/2) D:10            Elf (0/3) Orc:2        Vaults (0/5) D:14
 Depths (0/5) D:15

Altars:
Ashenzari
Cheibriados
Dithmenos
Elyvilon
Fedhas
Gozag
Kikubaaqudgha
Makhleb
Nemelex Xobeh
Okawaru
Pakellas
Qazlal
Ru
Sif Muna
Trog
Vehumet
Xom
Yredelemnul
Zin
The Shining One

Shops:
D:5 (   D:7 %   D:12 [   Orc:1 %   Orc:2 }!%!(   Snake:3 }

Annotations:
Lair:6 exclusion: 3 oklob plants


Innate Abilities, Weirdness & Mutations

You reflexively headbutt those who attack you in melee.
You have a pair of horns on your head.


Message History

The splash of poison hits you!
You are poisoned.
* * * LOW HITPOINT WARNING * * *
Unknown command.
Read which item? (? for menu, Esc to quit)
As you read the scroll of teleportation, it crumbles to dust.
You feel strangely unstable.
You feel sick.
The naga sharpshooter unwields an uncursed short sword.
The naga sharpshooter wields a longbow.
The naga sharpshooter casts a spell.
The naga sharpshooter magically shoots an arrow.
The arrow hits you!
* * * LOW HITPOINT WARNING * * *
The greater naga hits you but does no damage.
The greater naga misses you.
A naga mage comes into view. It is wielding a spear.
You feel sick.
The naga mage shouts!
The naga sharpshooter shoots an arrow.
The arrow hits you!
You die...

#.N# #...##
#.....
#..N..#### .
#........## ..
#........##.#
#..........###
#..@........
####(N......
######...


You could see a greater naga, a naga sharpshooter and a naga mage.

Vanquished Creatures
  Vashnia (Snake:2)
  Nikola (Snake:2)
  Rupert (Orc:2)
  Asterion (Snake:1)
  Roxanne (Snake:1)
  4 greater nagas
  A frost giant (D:15)
  Aizul (Snake:1)
  Louise (Snake:2)
  The ghost of Lul the Spear-Bearer, a journeyman DsBe of Trog (Lair:8)
  Nessos (Lair:6)
  A white draconian (IceCv)
  Josephine (Lair:8)
  5 ogre magi
  9 naga warriors
  Fannar (D:10)
  7 anacondas
  11 hydras
  A death knight (D:14)
  A centaur warrior (D:15)
  A queen ant (Lair:7)
  5 death yaks
  9 naga sharpshooters
  The ghost of Anmu the Covert, a journeyman VSAs of Dithmenos (D:12)
  The ghost of raetorn the Thaumaturge, a novice DsWz (D:11)
  4 shock serpents
  A salamander mystic (Snake:2)
  2 fire crabs (Lair:8)
  The ghost of Dickchan the Impaler, a novice MfGl (D:9)
  An unseen horror (D:11)
  6 naga ritualists
  Pikel (D:4)
  9 hill giants
  7 mana vipers
  10 ugly things
  2 griffons
  2 deep elf magi
  3 orc sorcerers
  A manticore (D:15)
  An oklob plant (Lair:5)
  8 salamanders
  3 cyclopes
  The ghost of zervinho the Skirmisher, a novice MiBe of Trog (D:5)
  19 naga magi
  An ice statue (IceCv)
  The ghost of raetorn the Thaumaturge, a novice DEWz of Vehumet (D:7)
  44 elephants
  A guardian serpent (Snake:4)
  34 black mambas
  20 spiny frogs
  3 rime drakes (Lair:4)
  2 gargoyles
  A torpor snail (Lair:5)
  4 komodo dragons
  An efreet (D:15)
  2 yaktaurs (D:15)
  A queen bee (D:10)
  9 trolls
  5 giant leeches (Lair:8)
  18 two-headed ogres
  21 polar bears (IceCv)
  9 slime creatures
  A boulder beetle (Lair:8)
  6 blink frogs (Lair:8)
  7 wraiths
  A shadow (D:15)
  2 vampires
  11 wyverns
  3 hungry ghosts
  A golden eye (shapeshifter) (D:14)
  8 basilisks
  40 yaks
  4 steam dragons
  16 hippogriffs
  A warg (Orc:1)
  11 vampire mosquitoes
  A mottled dragon (shapeshifter) (D:13)
  8 soldier ants (Lair:7)
  32 nagas
  33 water moccasins
  2 hell hounds (Lair:4)
  14 porcupines
  6 ice beasts
  5 sky beasts
  Purgy (Sewer)
  7 orc warriors
  2 necrophages
  3 black bears
  2 wasps
  6 phantoms
  6 centaurs
  23 wolves
  36 ogres
  11 crocodiles
  16 big kobolds
  A wyvern zombie (D:8)
  29 giant frogs
  A wyvern skeleton (D:14)
  3 scorpions
  24 killer bees
  5 electric eels (Lair:8)
  14 wights
  5 howler monkeys
  10 crimson imps
  2 giant frog zombies
  5 hounds
  4 jellies
  19 orc wizards
  2 giant frog skeletons
  21 orc priests
  3 centaur skeletons
  22 iguanas
  35 worker ants
  5 sheep (Lair:1)
  3 hound skeletons
  2 worker ant zombies
  A howler monkey zombie (D:8)
  5 gnolls
  2 howler monkey skeletons
  27 adders
  37 river rats
  3 shadow imps
  12 white imps (Lair:5)
  An ooze (D:3)
  5 worms
  2 dart slugs
  12 giant geckos
  73 orcs
  5 bats
  7 giant cockroaches
  4 goblins
  4 hobgoblins
  9 jackals
  A quokka (D:3)
  3 ball pythons
  7 giant newts
  A jackal skeleton (D:8)
  15 kobolds
  A quokka skeleton (D:8)
  3 rats
  A plant (Lair:8)
1109 creatures vanquished.

Vanquished Creatures (others)
  A vampire mosquito (Lair:8)
  An ogre (Orc:2)
  A jackal (D:4)
  A quokka (D:4)
  49 fungi
  38 plants
  5 toadstools (D:1)
96 creatures vanquished.

Grand Total: 1205 creatures vanquished

Notes
Turn   | Place    | Note
--------------------------------------------------------------
     0 | D:1      | Quirk the Minotaur Fighter began the quest for the Orb.
     0 | D:1      | Reached XP level 1. HP: 19/19 MP: 0/0
   207 | D:1      | Reached XP level 2. HP: 27/27 MP: 1/1
   482 | D:1      | Reached XP level 3. HP: 26/33 MP: 2/2
  1675 | D:3      | Reached skill level 1 in Dodging
  1675 | D:3      | Reached XP level 4. HP: 23/40 MP: 3/3
  1680 | D:3      | Reached XP level 5. HP: 21/47 MP: 4/4
  1840 | D:3      | Noticed a phantom
  1860 | D:3      | Killed a phantom
  1910 | D:3      | Reached skill level 5 in Shields
  2224 | D:4      | Reached skill level 5 in Armour
  2224 | D:4      | Reached XP level 6. HP: 44/53 MP: 5/5
  2228 | D:4      | Got a jewelled morningstar
  2229 | D:4      | Identified the +7 morningstar "Miselekh" {crush, rPois rF- rC- Dex+6} (You found it on level 4 of the Dungeon)
  2402 | D:4      | Noticed Pikel
  2402 | D:4      | Noticed a slave
  2404 | D:4      | Noticed a slave
  2404 | D:4      | Noticed a slave
  2406 | D:4      | Noticed a slave
  2411 | D:4      | Killed Pikel
  2411 | D:4      | Reached skill level 5 in Fighting
  2411 | D:4      | Reached skill level 3 in Maces & Flails
  2411 | D:4      | Reached XP level 7. HP: 51/61 MP: 6/6
  2508 | D:4      | Found a glowing drain.
  2514 | Sewer    | Entered a sewer
  2547 | Sewer    | Noticed Purgy
  2552 | Sewer    | Killed Purgy
  2552 | Sewer    | Reached skill level 5 in Axes
  2795 | D:4      | Reached skill level 4 in Maces & Flails
  2795 | D:4      | Reached XP level 8. HP: 70/70 MP: 7/7
  3065 | D:5      | Entered Level 5 of the Dungeon
  3071 | D:5      | Noticed zervinho's ghost (novice MiBe)
  3072 | D:5      | Found Woetz's Weapon Boutique.
  3082 | D:5      | Killed zervinho's ghost
  3082 | D:5      | Reached skill level 5 in Maces & Flails
  3091 | D:5      | Found a bloodstained altar of Trog.
  3182 | D:5      | Got a distressingly furry scale mail
  3196 | D:5      | Identified the +1 scale mail "Itaghin" {rCorr SInv} (You found it on level 5 of the Dungeon)
  3340 | D:5      | Reached XP level 9. HP: 54/78 MP: 8/8
  3560 | D:5      | Reached skill level 6 in Maces & Flails
  3809 | D:6      | Found a staircase to the Ecumenical Temple.
  3812 | D:6      | Reached skill level 5 in Dodging
  3822 | Temple   | Entered the Ecumenical Temple
  3873 | Temple   | Became a worshipper of Warmaster Okawaru
  3954 | D:6      | Found a basalt altar of Yredelemnul.
  4281 | D:6      | Reached * piety under Okawaru
  4281 | D:6      | Reached skill level 7 in Maces & Flails
  4429 | D:7      | Found Jomej's Food Shop.
  4548 | D:7      | Reached skill level 1 in Invocations
  4622 | D:7      | Reached skill level 1 in Evocations
  4642 | D:7      | Reached ** piety under Okawaru
  4765 | D:7      | Noticed raetorn's ghost (novice DEWz)
  4793 | D:7      | Killed raetorn's ghost
  4793 | D:7      | Reached XP level 10. HP: 85/86 MP: 10/10
  5097 | D:7      | Reached skill level 8 in Maces & Flails
  5480 | D:8      | Got a crude mace
  5487 | D:8      | Identified the +6 mace of War {venom, +Fly} (You found it on level 8 of the Dungeon)
  5565 | D:8      | Reached *** piety under Okawaru
  5798 | D:8      | Reached skill level 9 in Maces & Flails
  6235 | D:8      | Reached **** piety under Okawaru
  6539 | D:9      | Found a deep blue altar of Sif Muna.
  6573 | D:9      | Noticed Dickchan's ghost (novice MfGl)
  6613 | D:9      | Killed Dickchan's ghost
  6613 | D:9      | Reached XP level 11. HP: 84/94 MP: 12/12
  6670 | D:9      | Reached ***** piety under Okawaru
  7248 | D:10     | Entered Level 10 of the Dungeon
  7342 | D:10     | Received a gift from Okawaru
  7510 | D:10     | Noticed Fannar
  7523 | D:10     | Killed Fannar
  7548 | D:10     | Reached skill level 10 in Maces & Flails
  7940 | D:10     | Got a faintly humming chain mail
  7952 | D:10     | Identified the +9 chain mail of the Five Realms {rN+ Int+8} (You took it off an orc on level 10 of the Dungeon)
  8037 | D:10     | Found a staircase to the Orcish Mines.
  8328 | D:10     | You fall through a shaft!
  8332 | D:11     | Killed an unseen horror
  8630 | D:11     | Noticed a green ugly thing
  8636 | D:11     | Killed a green ugly thing
  8653 | D:11     | Received a gift from Okawaru
  8680 | D:11     | Noticed raetorn's ghost (novice DsWz)
  8683 | D:11     | Noticed a hill giant
  8685 | D:11     | Killed raetorn's ghost
  8685 | D:11     | Reached ****** piety under Okawaru
  8690 | D:11     | Killed a hill giant
  9122 | D:11     | Reached XP level 12. HP: 101/104 MP: 14/14
  9125 | D:11     | Reached skill level 11 in Maces & Flails
  9165 | D:11     | Noticed a seven-headed hydra
  9173 | D:11     | Killed a seven-headed hydra
  9441 | D:11     | Found a staircase to the Lair.
  9506 | Lair:1   | Entered Level 1 of the Lair of Beasts
  9684 | Lair:1   | Reached skill level 5 in Invocations
  9718 | Lair:1   | Reached skill level 10 in Shields
  9949 | Lair:1   | Reached skill level 10 in Armour
  9958 | Lair:1   | Reached skill level 10 in Fighting
 10202 | Lair:1   | Reached skill level 12 in Maces & Flails
 10215 | Lair:1   | Received a gift from Okawaru
 10218 | Lair:1   | Got a scorched chain mail {god gift}
 10302 | Lair:1   | Identified the +2 chain mail "Codgheema" {rC+ MR- Str+3 Int+3} (Okawaru gifted it to you on level 1 of the Lair of Beasts)
 10390 | Lair:1   | Reached skill level 5 in Evocations
 10405 | Lair:1   | Reached skill level 10 in Axes
 10539 | Lair:1   | Reached XP level 13. HP: 112/112 MP: 16/16
 12414 | Lair:4   | Received a gift from Okawaru
 13191 | Lair:4   | Reached skill level 13 in Maces & Flails
 13225 | Lair:4   | Received a gift from Okawaru
 13336 | Lair:5   | Found a staircase to the Snake Pit.
 13463 | Lair:5   | Found a frozen archway.
 13483 | IceCv    | Entered an ice cave
 13652 | IceCv    | Reached XP level 14. HP: 114/123 MP: 18/18
 13878 | IceCv    | Reached XP level 15. HP: 122/129 MP: 19/19
 14076 | IceCv    | Reached skill level 14 in Maces & Flails
 14752 | Lair:5   | Received a gift from Okawaru
 15236 | Lair:5   | Reached skill level 10 in Dodging
 15311 | Lair:6   | Found an ancient bone altar of Kikubaaqudgha.
 15413 | Lair:6   | Found a staircase to the Slime Pits.
 15643 | Lair:6   | Found a staircase to the Swamp.
 15679 | Lair:6   | Noticed Nessos
 15708 | Lair:6   | Killed Nessos
 17514 | Lair:7   | Received a gift from Okawaru
 17517 | Lair:7   | Got a slimy shield {god gift}
 17528 | Lair:7   | Identified the +0 shield of Xeseudue {Int+3} (Okawaru gifted it to you on level 7 of the Lair of Beasts)
 17834 | Lair:8   | Entered Level 8 of the Lair of Beasts
 18196 | Lair:8   | Noticed Josephine
 18204 | Lair:8   | Killed Josephine
 18776 | Lair:8   | Reached XP level 16. HP: 110/139 MP: 21/21
 18796 | Lair:8   | Learned a level 1 spell: Sting
 18964 | Lair:8   | Reached skill level 15 in Maces & Flails
 19068 | Lair:8   | Got a warped scimitar
 19079 | Lair:8   | Learned a level 1 spell: Summon Small Mammal
 19233 | Lair:1   | Identified the +1 scimitar of the Evil Eye {freeze, Str+5} (You found it on level 8 of the Lair of Beasts)
 19589 | Lair:8   | Noticed Lul's ghost (journeyman DsBe)
 19618 | Lair:8   | Killed Lul's ghost
 20052 | Orc:1    | Entered Level 1 of the Orcish Mines
 20247 | Orc:2    | Entered Level 2 of the Orcish Mines
 20365 | Orc:2    | Noticed Rupert
 20365 | Orc:2    | Paralysed by Rupert for 7 turns
 20381 | Orc:2    | Killed Rupert
 20460 | Orc:2    | Received a gift from Okawaru
 20749 | Orc:2    | Found Abakagag's Food Boutique.
 20749 | Orc:2    | Found Nauguvex's Gadget Shoppe.
 20750 | Orc:2    | Found Maucef's Distillery.
 20750 | Orc:2    | Found Iffeax's Distillery.
 20760 | Orc:2    | Bought a potion of might for 56 gold pieces
 20760 | Orc:2    | Bought a potion of heal wounds for 70 gold pieces
 20760 | Orc:2    | Bought a potion of curing for 42 gold pieces
 20760 | Orc:2    | Bought a potion of might for 56 gold pieces
 20761 | Orc:2    | Bought a potion of heal wounds for 65 gold pieces
 20761 | Orc:2    | Bought a potion of heal wounds for 65 gold pieces
 20817 | Orc:1    | Found Pudim's Food Emporium.
 21213 | Orc:2    | Found a staircase to the Elven Halls.
 21235 | Orc:2    | Found Jycyhick's Antique Weapon Emporium.
 21669 | D:12     | Found Qummegu's Armour Shop.
 22209 | D:12     | Noticed Anmu's ghost (journeyman VSAs)
 22228 | D:12     | Killed Anmu's ghost
 23296 | D:14     | Found a gate to the Vaults.
 23363 | D:14     | Received a gift from Okawaru
 23872 | D:14     | Identified a scroll of acquirement
 23875 | D:14     | Got a pair of faintly humming gloves
 23886 | D:14     | Identified the +0 pair of gloves of Curiosity {MP+9} (You acquired it on level 14 of the Dungeon)
 24015 | D:15     | Entered Level 15 of the Dungeon
 24022 | D:15     | Reached skill level 1 in Spellcasting
 24082 | D:15     | Learned a level 1 spell: Apportation
 24086 | D:15     | Identified Sif Muna's Disquisition on Confrontation (You found it on level 15 of the Dungeon)
 24089 | D:15     | Learned a level 1 spell: Magic Dart
 24200 | D:15     | Reached skill level 16 in Maces & Flails
 24476 | D:15     | Found a staircase to the Depths.
 25008 | D:15     | Received a gift from Okawaru
 25715 | Snake:1  | Entered Level 1 of the Snake Pit
 25715 | Snake:1  | Noticed Aizul
 25849 | Snake:1  | Killed Aizul
 25871 | Snake:1  | Reached XP level 17. HP: 42/148 MP: 22/22
 26638 | Snake:1  | Noticed Asterion
 26655 | Snake:1  | Killed Asterion
 26823 | Snake:1  | Noticed Roxanne
 26848 | Snake:1  | Killed Roxanne
 27321 | Snake:2  | Noticed Louise
 27335 | Snake:2  | Killed Louise
 27363 | Snake:2  | Noticed Vashnia
 27390 | Snake:2  | Killed Vashnia
 27390 | Snake:2  | Received a gift from Okawaru
 27702 | Snake:2  | Noticed Nikola
 27714 | Snake:2  | Killed Nikola
 27748 | Snake:2  | Received a gift from Okawaru
 27784 | Snake:2  | HP: 6/150 [salamander/halberd (22)]
 28166 | Snake:2  | Reached skill level 17 in Maces & Flails
 28331 | Snake:2  | Got an iridescent great mace {god gift}
 28343 | Snake:2  | Identified the +5 great mace of Due Proportion {crush, Dex+4} (Okawaru gifted it to you on level 2 of the Snake Pit)
 29071 | Snake:3  | Got an iridescent battleaxe
 29087 | Snake:3  | Identified the +8 battleaxe of Res Nullius {chop, rF+} (You found it on level 3 of the Snake Pit)
 29267 | Snake:3  | Found Tiurihum's Gadget Emporium.
 29487 | Snake:3  | Received a gift from Okawaru
 29682 | Snake:4  | Entered Level 4 of the Snake Pit
 29768 | Snake:4  | Found a sacrificial altar of Ru.
 29904 | Snake:4  | Reached skill level 10 in Evocations
 30652 | Snake:4  | Reached XP level 18. HP: 115/159 MP: 24/24
 31720 | Snake:4  | Shot with an arrow by a naga sharpshooter

Skill      XL: |  1  2  3  4  5  6  7  8  9 10 11 12 13 14 15 16 17 |
---------------+----------------------------------------------------+-----
Shields        | 4 5 6 7 8 9 10 11 12 13 | 13.9
Armour         | 4 5 6 7 8 9 10 11 12 13 | 13.6
Axes           | 3 4 5 6 7 8 9 10 11 12 13 | 13.5
Fighting       | 4 5 6 7 8 9 10 11 12 13 | 13.8
Dodging        | 1 2 3 4 5 6 7 8 9 10 11 12 | 12.2
Maces & Flails | 3 4 5 7 9 10 12 13 14 16 17 | 17.6
Invocations    | 1 3 4 5 7 8 |  8.6
Evocations     | 1 2 4 5 6 8 9 10 | 10.1
Spellcasting   | 1 3 |  3.4

Action                   |  1- 3 |  4- 6 |  7- 9 | 10-12 | 13-15 | 16-18 || total
-------------------------+-------+-------+-------+-------+-------+-------++-------
Melee: War axe           |    97 |    39 |       |    29 |       |       ||   165
       Headbutt          |     8 |    13 |    51 |   142 |   288 |   304 ||   806
       Morningstar       |       |    18 |   243 |   456 |   458 |   758 ||  1933
       Mace              |       |       |       |    43 |   413 |    47 ||   503
       Battleaxe         |       |       |       |       |       |   145 ||   145
Invok: Heroism           |       |       |       |       |       |     1 ||     1
       Finesse           |       |       |       |       |       |     1 ||     1
Evoke: Wand              |       |       |       |       |     1 |     2 ||     3
  Use: Potion            |     1 |       |       |       |     3 |     9 ||    13
       Scroll            |       |     3 |     9 |    12 |     8 |    17 ||    49
 Stab: Sleeping          |       |       |     1 |       |       |       ||     1
  Eat: Chunk             |     2 |     3 |     8 |    18 |    17 |    13 ||    61
       Royal jelly       |       |       |       |     1 |       |    10 ||    11
       Beef jerky        |       |       |       |       |     6 |     1 ||     7
       Pizza             |       |       |       |       |     1 |     2 ||     3
       Meat ration       |       |       |       |       |       |     1 ||     1
Armor: Scale mail        |    42 |    12 |    55 |    60 |     5 |       ||   174
       Troll leather arm |       |       |     3 |       |       |       ||     3
       Chain mail        |       |       |    10 |   108 |   426 |   266 ||   810
Dodge: Dodged            |    31 |    16 |   103 |   241 |   536 |   444 ||  1371
Block: Shield            |    53 |    33 |   160 |   202 |   123 |   471 ||  1042
       Buckler           |       |       |       |    56 |   276 |       ||   332
